 Dungeon Crawl Stone Soup version 0.23-a0-729-g94ec0301e6 (webtiles) character file.

487 ilii the Cudgeler (level 6, -10/57 HPs)
             Began as a Deep Dwarf Fighter on Jan 17, 2019.
             Mangled by an ogre
             ... wielding a +0 giant club
              (26 damage)
             ... on level 4 of the Dungeon.
             The game lasted 00:08:09 (4111 turns).

ilii the Cudgeler (Deep Dwarf Fighter)              Turns: 4111, Time: 00:08:10

Health: -10/57     AC:  8    Str: 20    XL:     6   Next: 89%
Magic:  6/6        EV:  7    Int: 10    God:
Gold:   205        SH: 14    Dex: 14    Spells: 5/5 levels left

rFire    . . .     SeeInvis +   a - +1 flail
rCold    . . .     Gourm    .   c - +0 shield
rNeg     . . .     Faith    .   q - +0 scale mail
rPois    .         Spirit   .   i - +0 helmet
rElec    .         Reflect  +   l - scarf {cloud immunity}
rCorr    .         Harm     .   (no gloves)
MR       .....                  (no boots)
Stlth    ..........             u - +4 amulet of reflection
HPRegen  0.00/turn              h - +2 ring of dexterity
MPRegen  0.10/turn              k - ring of see invisible

@: non-regenerating
A: damage resistance, heal wounds, sense surroundings 1, no regeneration
a: Heal Wounds


You were on level 4 of the Dungeon.
You were not hungry.

You visited 1 branch of the dungeon, and saw 4 of its levels.

You collected 205 gold pieces.

Inventory:

Hand Weapons
 a - a +1 flail (weapon)
 b - a +1 hunting sling of freezing
Missiles
 r - 64 stones (quivered)
Armour
 c - a +0 shield (worn)
 i - a +0 helmet (worn)
 l - a scarf of cloud immunity (worn)
 q - a +0 scale mail (worn)
Jewellery
 h - a +2 ring of dexterity (left hand)
 k - a ring of see invisible (right hand)
 u - a +4 amulet of reflection (around neck)
Wands
 g - a wand of digging (4)
Scrolls
 p - a scroll of identify
 t - a scroll of teleportation {unknown}
 v - a scroll of enchant weapon
 w - a scroll of immolation {unknown}
Potions
 d - 3 potions of might
 e - a potion of magic
 j - a potion of mutation
 m - 2 potions of agility
 n - 2 potions of curing
 s - 2 potions of heal wounds
Comestibles
 f - 9 rations
 o - 2 chunks of flesh


   Skills:
 + Level 4.2 Fighting
 * Level 5.4 Maces & Flails
 - Level 3.2 Armour
 + Level 5.1 Shields


You had 5 spell levels left.
You didn't know any spells.
Your spell library contained the following spells:

 Spells                   Type           Power        Failure   Level  Hunger
 Flame Tongue             Conj/Fire      #....        98%         1    ##.....
 Cause Fear               Hex            #.........   100%        4    #####..
 Bolt of Fire             Conj/Fire      #.........   100%        6    #######
 Dragon Form              Tmut           #.........   100%        7    #######
 Dragon's Call            Summ           #.........   100%        9    #######


Dungeon Overview and Level Annotations

Branches:
Dungeon (4/15)
 Temple: D:4-7

Altars:
Ashenzari
Elyvilon
Fedhas
Gozag
Hepliaklqana
Nemelex Xobeh
Qazlal
Trog
Wu Jian
Xom


Innate Abilities, Weirdness & Mutations

You are resistant to damage.
You can heal yourself by infusing magical energy.
You passively map a small area around you.
You do not regenerate.


Message History

b - a +1 hunting sling of freezing (weapon)
Firing (i - inventory)
r - 67 stones (quivered)
Press: ? - help, Shift-Dir - straight line, f - ogre
Aim: an ogre, wielding a +0 giant club You shoot a stone.
The stone barely misses the ogre.
Firing (i - inventory)
r - 66 stones (quivered)
Press: ? - help, Shift-Dir - straight line, f/p - ogre
Aim: an ogre, wielding a +0 giant club You shoot a stone.
The stone hits the ogre but does no damage.
Firing (i - inventory)
r - 65 stones (quivered)
Press: ? - help, Shift-Dir - straight line, f/p - ogre
Aim: an ogre, wielding a +0 giant club You shoot a stone.
The stone barely misses the ogre.
The ogre hits you with a +0 giant club!!
* * * LOW HITPOINT WARNING * * *
Your +1 hunting sling of freezing stops glowing.
a - a +1 flail (weapon)
The ogre hits you with a +0 giant club!!
You die...

................,.......'.....
,
................,.......#.....
................ .......#.....
*,
#...###..##########..####+##..
# ###(.###....###..####.##..
#.....(..........#........
#......(.........#........
#.......O........#........
##.......@.......#........
#................#........
#....####...##...##...##..
#########..(##...####'##..
#......#..........#....#.>
#......'........).#....#..
#......#.......##'##...#..
#......#.......#8.8#...#..
#......#.......#...#...#..


You could see an ogre.

Vanquished Creatures
  Menkaure (D:4)
  A quasit (D:4)
  A hound (D:4)
  3 worker ants
  3 gnolls
  12 adders
  2 oozes (D:2)
  A dart slug (D:4)
  2 worms (D:2)
  6 leopard geckos
  2 orcs (D:3)
  A ball python (D:2)
  4 bats
  3 giant cockroaches (D:1)
  12 goblins
  7 hobgoblins
  2 jackals (D:2)
  11 kobolds
  4 frilled lizards
  5 rats
83 creatures vanquished.

Notes
Turn   | Place    | Note
-------+----------+-------------------------------------------
     0 | D:1      | ilii the Deep Dwarf Fighter began the quest for the Orb.
     0 | D:1      | Reached XP level 1. HP: 20/20 MP: 1/1
   132 | D:1      | Reached XP level 2. HP: 27/27 MP: 2/2
   627 | D:1      | Reached XP level 3. HP: 20/34 MP: 3/3
  1173 | D:2      | Reached XP level 4. HP: 24/42 MP: 4/4
  2171 | D:2      | Reached XP level 5. HP: 37/49 MP: 5/5
  2379 | D:2      | Found an opulent altar of Gozag.
  2583 | D:3      | Found a blossoming altar of Fedhas.
  2992 | D:3      | Found a faded altar of an unknown god.
  3623 | D:4      | Noticed Menkaure
  3745 | D:4      | Killed Menkaure
  3745 | D:4      | Reached skill level 5 in Maces & Flails
  3745 | D:4      | Reached XP level 6. HP: 38/57 MP: 6/6
  3952 | D:4      | Found a shattered altar of Ashenzari.
  3955 | D:4      | Found a bloodstained altar of Trog.
  3959 | D:4      | Found a white marble altar of Elyvilon.
  3963 | D:4      | Found a stormy altar of Qazlal.
  3974 | D:4      | Reached skill level 5 in Shields
  4064 | D:4      | Found a shimmering altar of Xom.
  4066 | D:4      | Found a shimmering altar of Xom.
  4066 | D:4      | Found a hazy altar of Hepliaklqana.
  4068 | D:4      | Found a stormy altar of Qazlal.
  4068 | D:4      | Found a sparkling altar of Nemelex Xobeh.
  4068 | D:4      | Found an ornate altar of the Wu Jian Council.
  4111 | D:4      | Mangled by an ogre

Vault maps used:
D:1:      scummos_arrival_hexagon, minmay_distorted
D:2:      grunt_gozag_statues, first_ration
D:3:      fedhas_altar_3, chequers_ecumenical_altar_simple_redux
D:4:      doesnt_xom_only_xom, gammafunk_temple_overflow_pools,
          grunt_temple_overflow_cloverleaf, small_statue_intersection,
          uniq_menkaure

Skill      XL: |  1  2  3  4  5  6 |
---------------+-------------------+-----
Fighting       | 3 4 |  4.2
Maces & Flails | 3 5 |  5.4
Shields        | 4 5 |  5.1
Armour         | |  3.2

Action                   |  1- 3 |  4- 6 || total
-------------------------+-------+-------++-------
Melee: Flail             |   124 |   161 ||   285
 Fire: Hunting sling     |       |    19 ||    19
 Abil: Heal Wounds       |       |     2 ||     2
  Use: Scroll            |     2 |     6 ||     8
  Eat: Chunk             |     1 |    10 ||    11
Armor: Scale mail        |    49 |    80 ||   129
Dodge: Dodged            |    39 |    59 ||    98
Block: Shield            |    60 |    98 ||   158

Table legend:
 A = Non-vault XP
 B = Vault XP
 C = Vault XP percentage of total XP
 D = Non-vault monster count
 E = Vault monster count
 F = Vault count percentage of total count
                 A         B        C        D         E       F
            +---------+---------+-------+---------+---------+-------
      Total |     521 |     176 |  25.3 |      81 |       2 |   2.4
            +---------+---------+-------+---------+---------+-------
        D:1 |      43 |       1 |   2.3 |      22 |       1 |   4.3
        D:2 |     212 |       0 |   0.0 |      35 |       0 |   0.0
        D:3 |      89 |       0 |   0.0 |      16 |       0 |   0.0
        D:4 |     177 |     175 |  49.7 |       8 |       1 |  11.1
            +---------+---------+-------+---------+---------+-------
